 Dungeon Crawl Stone Soup version 0.26-a0-64-g059e62fbdb (webtiles) character file.

Game seed: 412212717810649241

111 Flubber the Chopper (level 4, -1/48 HPs)
             Began as an Ogre Gladiator on June 10, 2020.
             Slain by a worm (9 damage)
             ... on level 3 of the Dungeon.
             The game lasted 00:04:34 (2000 turns).

Flubber the Chopper (Ogre Gladiator)                Turns: 2000, Time: 00:04:35

Health: -1/48      AC:  3    Str: 19    XL:     4   Next: 92%
Magic:  4/4        EV: 11    Int:  9    God:
Gold:   120        SH:  0    Dex: 16    Spells: 3/3 levels left

rFire    . . .     SeeInvis .   a - +0 war axe
rCold    . . .     Gourm    .   (no shield)
rNeg     . . .     Faith    .   b - +0 robe
rPois    .         Spirit   .   c - +0 hat
rElec    .         Reflect  .   (no cloak)
rCorr    .         Harm     .   (gloves unavailable)
MR       .....     Rnd*Tele +   (boots unavailable)
Stlth    +.........             (no amulet)
HPRegen  0.16/turn              j - ring of teleportation (curse)
MPRegen  0.09/turn              k - +6 ring of dexterity (curse)

@: lethally poisoned (-1 -> -2)
A: large, unfitting armour, tough skin 1
a: no special abilities


You were on level 3 of the Dungeon.
You were hungry.

You visited 1 branch of the dungeon, and saw 3 of its levels.

You collected 120 gold pieces.

Inventory:

Hand Weapons
 a - a +0 war axe (weapon)
 n - a +4 mace of venom
Missiles
 d - 3 throwing nets (quivered)
Armour
 b - a +0 robe (worn)
 c - a +0 hat (worn)
Jewellery
 j - a cursed ring of teleportation (left hand)
 k - a cursed +6 ring of dexterity (right hand)
Scrolls
 h - a scroll of fear
 l - a scroll of immolation {unknown}
 m - a scroll of blinking {unknown}
Potions
 e - a potion of curing
 g - a potion of flight {unknown}
 i - a potion of stabbing {unknown}
Comestibles
 f - 2 rations


   Skills:
 + Level 3.9 Fighting
 - Level 4.3 Axes
 * Level 0.3(2.4) Maces & Flails
 - Level 2.0 Throwing
 + Level 3.3 Dodging


You had 3 spell levels left.
You didn't know any spells.
Your spell library was empty.

Dungeon Overview and Level Annotations

Branches:
Dungeon (3/15)

Altars:
Yredelemnul
Zin


Innate Abilities, Weirdness & Mutations

You are too large for most types of armour.
You have tough skin. (AC +1)


Message History

You miss the adder. You barely miss the orc.
You hear an angry hiss.
The adder closely misses you. The quokka bites you. The orc closely misses you.
The adder bites you.
You are poisoned.
The adder poisons you! The quokka misses you.
You closely miss the quokka. You barely miss the worm.
You hit the adder but do no damage. You hit the orc.
You kill the orc!
You feel sick. The adder misses you.
The quokka bites you but does no damage.
The worm bites you!
* * * LOW HITPOINT WARNING * * *
The adder closely misses you.
You slash the worm!
The worm is heavily wounded.
You hit the adder. You barely miss the quokka. The quokka bites you.
* * * LOW HITPOINT WARNING * * *
The adder barely misses you. The quokka barely misses you. The worm bites you!
You die...

.. #..# #.# #..# .
>.# #<.# .. ..
#..# ..###. #..#
##
......##..#..###
.#.##.............
......K...........
......r@S.........
....#.w....[......
##................
.................[
.##.......##......
.....#..## .....
.........# ...
###......#


You could see a worm, an adder, a quokka and a kobold.

Vanquished Creatures
  An iguana (D:2)
  Terence (D:2)
  An ooze (D:1)
  A worm (D:3)
  2 dart slugs (D:1)
  A leopard gecko (D:1)
  An orc (D:3)
  4 bats
  5 giant cockroaches
  7 goblins
  4 hobgoblins
  3 ball pythons
  A frilled lizard (D:2)
  9 kobolds
  5 rats
46 creatures vanquished.

Notes
Turn   | Place    | Note
-------+----------+-------------------------------------------
     0 | D:1      | Flubber the Ogre Gladiator began the quest for the Orb.
     0 | D:1      | Reached XP level 1. HP: 22/22 MP: 1/1
    73 | D:1      | Reached XP level 2. HP: 31/31 MP: 2/2
   391 | D:1      | Reached XP level 3. HP: 34/37 MP: 3/3
  1079 | D:2      | Found a glowing silver altar of Zin.
  1170 | D:2      | Found a basalt altar of Yredelemnul.
  1397 | D:2      | Reached skill level 4 in Axes
  1397 | D:2      | Reached XP level 4. HP: 14/48 MP: 4/4
  1757 | D:2      | Noticed Terence
  1765 | D:2      | Killed Terence
  2000 | D:3      | Slain by a worm

Illustrated notes

Levels and vault maps discovered:
D:1:      dpeg_arrival_rhombi, layout_basic, minmay_shallow_snake_nest
D:2:      layout_loops_ring, chequers_temple_overflow_statue_of_worship,
          uniq_terence
D:3:      layout_rooms, first_ration

Skill      XL: |  1  2  3 |
---------------+----------+-----
Fighting       | 3 |  3.9
Dodging        | 3 |  3.3
Axes           | 4 |  4.3
Maces & Flails | |  0.3
Throwing       | |  2.0

Action                   |  1- 3 |  4- 6 || total
-------------------------+-------+-------++-------
Melee: War axe           |   102 |    12 ||   114
       Mace              |       |     9 ||     9
  Use: Potion            |     2 |     1 ||     3
       Scroll            |     2 |       ||     2
 Stab: Sleeping          |       |     1 ||     1
  Eat: Chunk             |     1 |     2 ||     3
Armor: Robe              |    30 |     2 ||    32
Dodge: Dodged            |    68 |    17 ||    85

Table legend:
 A = Non-vault XP
 B = Vault XP
 C = Vault XP percentage of total XP
 D = Non-vault monster count
 E = Vault monster count
 F = Vault count percentage of total count
                 A         B        C        D         E       F
            +---------+---------+-------+---------+---------+-------
      Total |     122 |      37 |  23.3 |      44 |       2 |   4.3
            +---------+---------+-------+---------+---------+-------
        D:1 |      52 |       1 |   1.9 |      25 |       1 |   3.8
        D:2 |      57 |      36 |  38.7 |      14 |       1 |   6.7
        D:3 |      13 |       0 |   0.0 |       5 |       0 |   0.0
            +---------+---------+-------+---------+---------+-------
